 Dungeon Crawl Stone Soup version 0.28.0-45-g0d030f2227 (webtiles) character file.

Game seed: 816766099917725107

692 protoss039 the Shield-Bearer (level 7, -4/66 HPs)
             Began as a Gargoyle Fighter on Apr 9, 2022.
             Slain by a yak (5 damage)
             ... on level 3 of the Dungeon.
             The game lasted 00:06:36 (4618 turns).

protoss039 the Shield-Bearer (Gargoyle Fighter)     Turns: 4618, Time: 00:06:36

Health: -4/66      AC: 23    Str: 22    XL:     7   Next: 63%
Magic:  7/7        EV:  2    Int:  8    God:
Gold:   158        SH:  5    Dex: 15    Spells: 6/6 levels left

rFire   . . .      SeeInvis .   e - +2 dagger (venom)
rCold   . . .      Faith    .   c - +0 buckler
rNeg    + . .      Spirit   .   (armour currently unavailable)
rPois   ∞          Reflect  .   (helmet currently unavailable)
rElec   .          Harm     .   (cloak currently unavailable)
rCorr   +          Rampage  .   (gloves currently unavailable)
Will    .....      NoTele   +   (boots currently unavailable)
Stlth   +.........              (no amulet)
HPRegen 0.21/turn               p - ring of resist corrosion
MPRegen 0.10/turn               n - +6 ring of dexterity

@: mighty, tree-form
A: stationary, stasis, torment immunity, boosted hp, sickness immunity, AC +4,
negative energy resistance 1, (electricity resistance), torment resistance 1,
petrification resistance
a: no special abilities


You were on level 3 of the Dungeon.
You were a tree.
You visited 1 branch of the dungeon, and saw 5 of its levels.

You collected 158 gold pieces.

Inventory:

Hand Weapons
 a - a +0 flail
 e - a +2 dagger of venom (weapon)
Armour
 b - a +0 pair of gloves (melded)
 c - a +0 buckler (worn)
 r - a +0 plate armour (melded)
Jewellery
 n - a +6 ring of dexterity (right branch)
 p - a ring of resist corrosion (left branch)
Scrolls
 f - 3 scrolls of teleportation
 h - a scroll of identify
 i - 2 scrolls of vulnerability {unknown}
 k - a scroll of summoning {unknown}
 l - a scroll of blinking {unknown}
 o - 2 scrolls of enchant weapon {unknown}
 q - a scroll of fog {unknown}
Potions
 d - 2 potions of might


   Skills:
 + Level 5.5 Fighting
 + Level 4.4 Maces & Flails
 + Level 5.5 Armour
 + Level 5.5 Shields


You had 6 spell levels left.
You didn't know any spells.
Your spell library was empty.

Dungeon Overview and Level Annotations

Branches:
Dungeon (5/15)
 Temple: D:4-7

Altars:
Xom

Annotations:
D:5 Eustachio, Grinder


Innate Abilities, Weirdness & Mutations

You are a tree.
Your roots penetrate the ground, keeping you stationary.
You cannot be teleported.
You are immune to unholy pain and torment.
Your maximum health is greatly increased.
Your equipment is partially melded.
You are immune to sickness and miasma.
((Your stone body is resilient. (AC +4)))
You are immune to poison.
You resist negative energy. (rN+)
((You are resistant to electric shocks. (rElec)))
You are resistant to unholy torment.
You are immune to petrification.


Message History

You climb upwards.
There is a stone staircase leading down here.
Unknown command.
You hit the yak but do no damage.
The yak is poisoned.
The yak gores you but does no damage. x2; The yak gores you!
You hit the yak.
The yak looks as sick as possible!
The yak is lightly wounded.
The yak gores you. x2
You hit the yak.
The yak looks as sick as possible!
The yak is lightly wounded.
The yak gores you but does no damage. The yak gores you.
You hit the yak.
The yak looks as sick as possible!
The yak is moderately wounded.
The yak gores you. The yak gores you!
* * * LOW HITPOINT WARNING * * *
You barely miss the yak.
The yak is moderately wounded.
The yak closely misses you. You block the yak's attack.
Unknown command.
Unknown command.
Really quaff the potion of lignification?
You turn into a tree.
Your +0 pair of gloves melds into your body.
Your +0 plate armour melds into your body.
Your roots penetrate the ground.
The yak gores you!
* * * LOW HITPOINT WARNING * * *
The yak gores you but does no damage.
Unknown command.
Unknown command.
Unknown command.
Unknown command.
You feel better. The yak gores you but does no damage. The yak gores you!
* * * LOW HITPOINT WARNING * * *
Unknown command.
Unknown command.
Unknown command.
Unknown command.
You feel very mighty all of a sudden. The yak gores you.
You die...

#.# ##'#....###........#.
#.# #.#....##...####....
##.####.#.####...##
#.....
#.......#.#.....###
#.....
######..#.#....##.#
#...#.
#..#.#...##..###...#.
#..#...............+.
#..#Y#.......###...#.
#..#♣Y...............
#..#########.##...##.
#..#########.##.).##.
#..................#.
#.##.......#.##....##
#####.##....(..#.##....#
#.....##...............##
#.######........######...
#.# #..............<..


You could see 2 yaks.

Vanquished Creatures
  Sigmund (D:2)
  A yak (D:3)
  A water moccasin (D:4)
  A water moccasin skeleton (D:4)
  A howler monkey (D:4)
  A hound (D:4)
  An iguana (D:4)
  A hound skeleton (D:4)
  A howler monkey zombie (D:3)
  3 gnolls
  2 adders
  An adder skeleton (D:4)
  2 worms
  A dart slug (D:1)
  2 bats
  7 endoplasms
  3 giant cockroaches
  2 hobgoblins
  A quokka (D:1)
  13 ball pythons
  5 frilled lizards
  7 goblins
  9 kobolds
  A rat (D:2)
68 creatures vanquished.

Notes
Turn   | Place    | Note
-------+----------+-------------------------------------------
     0 | D:1      | protoss039 the Gargoyle Fighter began the quest for the
                  | Orb.
     0 | D:1      | Reached XP level 1. HP: 14/14 MP: 1/1
   158 | D:1      | Reached XP level 2. HP: 19/19 MP: 2/2
   928 | D:2      | Reached XP level 3. HP: 23/23 MP: 3/3
   962 | D:2      | Noticed Sigmund
  1295 | D:2      | Found a shimmering altar of Xom.
  1318 | D:2      | Killed Sigmund
  1319 | D:2      | Reached XP level 4. HP: 9/30 MP: 4/4
  1319 | D:2      | Reached XP level 5. HP: 11/34 MP: 5/5
  1987 | D:3      | Reached XP level 6. HP: 39/39 MP: 6/6
  2252 | D:3      | Found a faded altar of an unknown god.
  3005 | D:4      | Noticed a water moccasin
  3024 | D:4      | Killed a water moccasin
  3359 | D:4      | Reached skill level 5 in Fighting
  3359 | D:4      | Reached skill level 5 in Armour
  3359 | D:4      | Reached skill level 5 in Shields
  3490 | D:4      | Reached XP level 7. HP: 44/44 MP: 7/7
  4469 | D:5      | Entered Level 5 of the Dungeon
  4469 | D:5      | Noticed Grinder
  4493 | D:5      | Noticed Eustachio
  4493 | D:5      | Noticed a yak
  4493 | D:5      | Noticed a yak
  4493 | D:5      | Noticed a yak
  4493 | D:5      | Noticed a yak
  4493 | D:5      | Noticed a yak
  4493 | D:5      | Noticed a yak
  4565 | D:3      | Killed a yak
  4617 | D:3      | HP: 1/66 [yak (12)]
  4618 | D:3      | Slain by a yak

Illustrated notes

Levels and vault maps discovered:
D:1:      minmay_arrival_radiant_lines, layout_basic, serial_glass,
          glass_columns_a, glass_columns_a, glass_columns_a, glass_columns_b,
          glass_columns_b, glass_columns_a, supply_closet_lemuel,
          corexii_leaking_fountain
D:2:      layout_basic, basic_altar, minmay_close_crescents, uniq_sigmund
D:3:      layout_basic, hellmonk_ecumenical_altar_crossroads,
          serial_bayou_pond_a
D:4:      layout_layer_cave
D:5:      minmay_evil_eye, layout_basic, kennysheep_potato, uniq_grinder,
          uniq_eustachio, uniq_edmund

Skill      XL: |  1  2  3  4  5  6 |
---------------+-------------------+-----
Fighting       | 4 5 |  5.5
Maces & Flails | 3 4 |  4.4
Armour         | 4 5 |  5.5
Shields        | 4 5 |  5.5

Action                   |  1- 3 |  4- 6 |  7- 9 || total
-------------------------+-------+-------+-------++-------
Melee: Dagger            |    75 |    86 |    53 ||   214
       Flail             |     8 |    14 |     1 ||    23
  Use: Potion            |     1 |       |     3 ||     4
       Scroll            |       |       |     3 ||     3
Armor: Scale mail        |    31 |    51 |     2 ||    84
       Plate armour      |       |       |    27 ||    27
       Skin              |       |       |     2 ||     2
Dodge: Dodged            |    42 |    37 |    24 ||   103
Block: Buckler           |    16 |    25 |    17 ||    58
